 Dungeon Crawl Stone Soup version 0.31-a0-960-g0fca184906 (webtiles) character file.

Game seed: 8879417865728903986

4292 Arzdou the Mimic (level 10, 0/87 HPs)
             Began as an Octopode Shapeshifter on Oct 22, 2023.
             Slain by a troll (9 damage)
             ... on level 8 of the Dungeon.
             The game lasted 00:31:06 (10171 turns).

Arzdou the Mimic (Octopode Shapeshifter)           Turns: 10171, Time: 00:31:06

Health: 0/87       AC:  9    Str: 16 (19) XL:     10   Next: 32%
Magic:  10/10      EV: 10    Int: 13 (16) God:
Gold:   459        SH:  5    Dex:  9 (12) Spells: 9/9 levels left

rFire   . .          .
                       - Unarmed
rCold   . . .        (shield currently unavailable)
rNeg    . . .        (helmet currently unavailable)
rPois   .            f - amulet of reflection
rElec   .            n - ring of see invisible
rCorr   .            (no ring)
SInv    +            (no ring)
Will    +....        (no ring)
Stlth   +            (no ring)
HPRegen 0.34/turn    (no ring)
MPRegen 0.12/turn    (no ring)
                     (no ring)

%: reflection
@: snake-form, enlightened, flying, invisible
A: constrict, boosted hp, almost no armour, amphibious, 8 rings, large,
(camouflage 1), (gelatinous body 1), (nimble swimmer 1), (tentacles)
a: Begin Untransformation


You were on level 8 of the Dungeon.
You were an enormous anaconda.
You visited 2 branches of the dungeon, and saw 9 of its levels.
You also visited: Bailey.

You collected 459 gold pieces.

Inventory:

Missiles
 d - 13 poisoned darts (quivered)
 h - a throwing net
Armour
 b - the +1 robe of Valyw {Will+++}
   (You found it in a bailey)

   Will+++:   It greatly increases your willpower.
Jewellery
 f - an amulet of reflection (around neck)
 n - a ring of see invisible (left tentacle)
 u - an amulet of magic regeneration
Talismans
 l - a dragon-blood talisman
 p - a serpent talisman (active)
Wands
 v - a wand of iceblast (21)
 w - a wand of charming (11)
Scrolls
 a - a scroll of revelation {unknown}
 c - a scroll of butterflies {unknown}
 i - 2 scrolls of blinking
 r - a scroll of immolation
 x - 3 scrolls of fog
 y - a scroll of identify
Potions
 g - a potion of might {unknown}
 k - 4 potions of mutation
 m - 2 potions of degeneration
 o - 2 potions of brilliance
 q - a potion of magic
 s - a potion of enlightenment
 z - a potion of heal wounds {unknown}


   Skills:
 + Level 8.5 Fighting
 - Level 2.1 Dodging
 - Level 7.0 Unarmed Combat
 - Level 10.0 Shapeshifting


You had 9 spell levels left.
You didn't know any spells.
Your spell library contained the following spells:

 Spells                   Type           Power      Damage    Failure   Level
 Cigotuvi's Dreadful Rot  Necr/Pois/Air  0%         N/A       43%         2
 Lesser Beckoning         Tloc           0%         N/A       43%         2
 Wereblood                Tmut           0%         N/A       43%         2
 Call Canine Familiar     Summ           0%         N/A       67%         3
 Dazzling Flash           Conj/Hex       0%         N/A       67%         3
 Gell's Gravitas          Tloc           0%         N/A       67%         3
 Ignite Poison            Fire/Tmut/Pois 0%         N/A       67%         3
 Sigil of Binding         Hex            0%         N/A       67%         3
 Teleport Other           Tloc           0%         N/A       67%         3
 Volatile Blastmotes      Fire/Tloc      0%         2d10      67%         3
 Dimensional Bullseye     Hex/Tloc       0%         N/A       97%         4
 Leda's Liquefaction      Hex/Erth       0%         N/A       97%         4
 Alistair's Intoxication  Tmut/Pois      0%         N/A       100%        5
 Borgnjor's Vile Clutch   Necr/Erth      0%         N/A       100%        5
 Freezing Cloud           Conj/Ice/Air   0%         6-21      100%        5
 Irradiate                Conj/Tmut      0%         3d11      100%        5
 Eringya's Noxious Bog    Tmut/Pois      0%         4d6       100%        6
 Starburst                Conj/Fire      0%         6d3       100%        6
 Maxwell's Capacitive Co  Air            0%         ∞         100%        8


Dungeon Overview and Level Annotations

Branches:
Dungeon (8/15)             Temple (1/1) D:6            Lair (0/5) D:8
 Bailey (visited)

Altars:
Ashenzari
Cheibriados
Dithmenos
Fedhas
Hepliaklqana
Makhleb
Nemelex Xobeh
Okawaru
Qazlal
Ru
Sif Muna
Trog
Uskayaw
Vehumet
Wu Jian
Xom
Yredelemnul
Zin
The Shining One

Shops:
D:4 =

Annotations:
D:6 2 exclusions


Innate Abilities, Weirdness & Mutations

You are an enormous anaconda.
You have a powerful constriction melee attack.
Your maximum health is increased.
Your armour is entirely melded.
You are incapable of wielding weapons or throwing items.
You cannot wear most types of armour.
You are amphibious.
You can wear up to eight rings at the same time.
((Your skin changes colour to match your surroundings (Stealth+).))
((Your rubbery body absorbs attacks. (AC +1, EV +1)))
((You are camouflaged when in or above water. (Stealth+)))
((You have tentacles for arms and can constrict up to eight enemies at once.))


Message History

The water moccasin bites you. You block the hornet's attack.
As you read the scroll of teleportation, it crumbles to dust.
You feel strangely unstable. The howler monkey closely misses you.
The water moccasin bites you but does no damage.
The hornet misses you. The howler monkey hits you.
* * * LOW HITPOINT WARNING * * *
The howler monkey closely misses you. You block the water moccasin's attack.
The hornet stings you but does no damage.
Blink to where?
Press: ? - help, Dir - move target
As you read the scroll of blinking, it crumbles to dust.
The howler monkey hoots and howls with incredible vigour! x2
You feel yourself speed up.
Your surroundings suddenly seem different.
A troll comes into view.
Found 13 gold pieces and a pair of gloves.
You see here 13 gold pieces.
You can't do that in your present form.
It was a potion of degeneration.
There was something very wrong with that liquid.
You feel weakened.
You feel dopey.
You feel clumsy.
It was a potion of enlightenment.
You feel very buoyant.
You fly up into the air.
It was a potion of invisibility.
You fade into invisibility!
You are too injured to fight recklessly!
The troll bites you.
* * * LOW HITPOINT WARNING * * *
The troll claws you.
* * * LOW HITPOINT WARNING * * *
The troll misses you.
You closely miss the troll. Your grab misses the troll. The troll bites you.
* * * LOW HITPOINT WARNING * * *
The troll barely misses you. x2
You hit the troll but do no damage. You grab the troll.
You constrict the troll. The troll bites you.
* * * LOW HITPOINT WARNING * * *
The troll barely misses you. The troll claws you!
You die...

#...# ..# .....
.... #....# #....
#.....# #.....
#......###.....#
#.............#
#...........# .#
#S$# #.##
##......T..#
#..###.......[...#
#.........######..
##.... ...# ##..
#..## ...# #..
..y.###..# ...
....hh...# ....
....hS§..##


You could see a troll (unable to see you).

Vanquished Creatures
  Pikel (D:4)
  Maurice (D:8)
  Grinder (D:6)
  A steam dragon (D:7)
  Menkaure (D:6)
  A black bear (D:7)
  8 orc warriors
  An ice beast (D:7)
  4 lemures (D:4)
  A kobold brigand (D:6)
  4 bullfrogs
  4 scorpions
  5 wights (D:8)
  2 howler monkeys
  A quasit (D:6)
  4 hounds
  An orc priest (D:7)
  A gnoll bouda (D:6)
  Crazy Yiuf (D:6)
  2 iguanas (D:6)
  8 orc wizards
  8 gnolls
  4 adders
  5 shadow imps
  8 white imps
  5 ufetubi (D:6)
  4 worms
  25 orcs
  8 ball pythons
  4 bats
  7 endoplasms
  A giant cockroach (D:4)
  7 goblins
  15 hobgoblins
  7 jackals
  5 quokkas
  3 frilled lizards
  10 kobolds
  2 rats
181 creatures vanquished.

Vanquished Creatures (collateral kills)
  A deep elf pyromancer (Bailey)
  An orc (Bailey)
2 creatures vanquished.

Grand Total: 183 creatures vanquished

Notes
Turn   | Place    | Note
-------+----------+-------------------------------------------
     0 | D:1      | Arzdou the Octopode Shapeshifter began the quest for the
                  | Orb.
     0 | D:1      | Reached XP level 1. HP: 13/13 MP: 1/1
   225 | D:1      | Reached XP level 2. HP: 18/18 MP: 2/2
   264 | D:1      | Found a faded altar of an unknown god.
   938 | D:2      | Reached XP level 3. HP: 23/23 MP: 3/3
  1032 | D:2      | You fall into a shaft and drop 1 floor!
  1155 | D:3      | Reached skill level 4 in Shapeshifting
  1320 | D:3      | Reached XP level 4. HP: 17/28 MP: 4/4
  1644 | D:3      | Found a snail-covered altar of Cheibriados.
  2178 | D:4      | Found a glowing silver altar of Zin.
  2181 | D:4      | Found a burning altar of Makhleb.
  2182 | D:4      | Found a shadowy altar of Dithmenos.
  2217 | D:4      | Found a basalt altar of Yredelemnul.
  2220 | D:4      | Found a glowing golden altar of the Shining One.
  2282 | D:4      | Noticed a lemure
  2460 | D:4      | Found Yffusch's Jewellery Shoppe.
  2744 | D:4      | Reached skill level 5 in Shapeshifting
  2744 | D:4      | Reached XP level 5. HP: 33/33 MP: 5/5
  2767 | D:5      | Entered Level 5 of the Dungeon
  2972 | D:5      | Reached skill level 6 in Shapeshifting
  2972 | D:5      | Reached XP level 6. HP: 13/38 MP: 6/6
  4740 | D:6      | Reached skill level 7 in Shapeshifting
  4748 | D:6      | Reached XP level 7. HP: 39/43 MP: 7/7
  5177 | D:6      | Found a staircase to the Ecumenical Temple.
  5191 | Temple   | Entered the Ecumenical Temple
  5290 | D:6      | Reached skill level 8 in Shapeshifting
  5385 | D:6      | Noticed Grinder
  5401 | D:6      | Reached XP level 8. HP: 41/48 MP: 8/8
  5783 | D:6      | Reached skill level 9 in Shapeshifting
  6122 | D:6      | Noticed Menkaure
  6130 | D:6      | Killed Menkaure
  6237 | D:6      | Found a runed translucent door.
  6238 | D:6      | Noticed Crazy Yiuf
  6367 | D:6      | Found an iron altar of Okawaru.
  6498 | D:6      | Killed Grinder
  6499 | D:6      | Reached skill level 10 in Shapeshifting
  6658 | D:6      | Killed Crazy Yiuf
  6997 | D:4      | Noticed Pikel
  7060 | D:4      | Killed Pikel
  7061 | D:4      | Reached XP level 9. HP: 53/53 MP: 9/9
  7319 | D:7      | Identified the +1 pair of boots of the Hills {Str+3}
  7337 | D:7      | Found a flagged portal.
  7355 | Bailey   | Entered a bailey
  8348 | Bailey   | Found a large runed translucent door.
  8348 | Bailey   | Found a large runed translucent door.
  8349 | Bailey   | Noticed a deep elf pyromancer
  8356 | Bailey   | Noticed an orc knight
  8715 | Bailey   | Killed a deep elf pyromancer
  8730 | Bailey   | Identified the +1 robe of Valyw {Will+++}
  8848 | D:7      | Found a shimmering altar of Xom.
  9057 | D:7      | Reached XP level 10. HP: 69/69 MP: 10/10
  9655 | D:8      | Found a staircase to the Lair.
  9922 | D:8      | Noticed Maurice
  9928 | D:8      | Killed Maurice
 10155 | D:8      | Paralysed by a hornet for 1 turns
 10158 | D:8      | Paralysed by a hornet for 2 turns
 10171 | D:8      | Slain by a troll

Illustrated notes

Levels and vault maps discovered:
D:1:      dpeg_arrival_leaves_temple_mockup, layout_loops_ring,
          ebering_ecumenical_altar_petrified, minmay_tripent
D:2:      layout_rooms
D:3:      layout_loops_ring, general_overflow_altar, minmay_three_crescents
D:4:      layout_basic, minmay_overflow_temple_star_hex, serial_shops,
          nicolae_shop_crystal, uniq_pikel
D:5:      layout_rooms, roderic_serpentine_path, nrook_uturn
D:6:      layout_basic, lemuel_doored_altar, temple_hall, serial_demonic,
          serial_demonic_a, serial_demonic_c, serial_demonic_a,
          serial_demonic_c, st_stairs_13, uniq_menkaure, uniq_grinder,
          uniq_crazy_yiuf_cottage
D:7:      layout_basic, mainiacjoe_overflow_paths, enter_bailey_5, sigmund_army
D:8:      layout_layer_cave, lair_entry_dummy, uniq_maurice
Temple:   jpeg_temple_clearing

Skill      XL: |  1  2  3  4  5  6  7  8  9 10 |
---------------+-------------------------------+-----
Shapeshifting  | 4 5 6 7 8 10 | 10.0
Unarmed Combat | 6 7 |  7.0
Fighting       | 6 8 |  8.5
Dodging        | |  2.1

Action                     |  1- 3 |  4- 6 |  7- 9 | 10-12 || total
---------------------------+-------+-------+-------+-------++-------
  Melee: Unarmed           |    70 |   123 |   242 |    70 ||   505
         Constrict         |    17 |    32 |    60 |    18 ||   127
         Tentacles         |     6 |    28 |    30 |       ||    64
         Punch             |       |     3 |     5 |       ||     8
  Throw: Dart              |     5 |    17 |    20 |       ||    42
  Evoke: Wand              |       |       |     6 |       ||     6
    Use: Scroll            |       |    10 |     4 |     2 ||    16
         Potion            |       |     1 |     2 |     5 ||     8
   Stab: Sleeping          |     7 |     3 |       |       ||    10
 Armour: Skin              |    24 |    55 |   156 |    71 ||   306
  Dodge: Dodged            |    42 |    67 |   124 |    30 ||   263
  Block: Other             |       |     8 |    50 |     9 ||    67
   Form: Anaconda          |       |       |     1 |       ||     1

Table legend: (Time is in decaauts)
 A = Elapsed time spent in this place.
 B = Non-inter-level travel time spent in this place.
 C = Inter-level travel time spent in this place.
 D = Time resting spent in this place.
 E = Time spent auto-exploring this place.
 F = Levels seen in this place.
 G = Mean time per level.
                   A        B        C        D        E       F      G
               +--------+--------+--------+--------+--------+-----+--------+
         Total |  10140 |   9275 |    865 |      0 |   6647 |  10 | 1014.0 |
       Dungeon |   8729 |   7864 |    865 |      0 |   6260 |   8 | 1091.1 |
        Temple |     12 |     12 |      0 |      0 |     11 |   1 |   12.0 |
        Bailey |   1398 |   1398 |      0 |      0 |    376 |   1 | 1398.0 |
               +--------+--------+--------+--------+--------+-----+--------+

Top non-repeatable levels by time:
     D:6: 2194 daAuts
  Bailey: 1398 daAuts
     D:5: 1343 daAuts
     D:4: 1320 daAuts
     D:7: 943 daAuts
     D:3: 901 daAuts
     D:1: 856 daAuts
     D:8: 644 daAuts
     D:2: 524 daAuts
  Temple: 12 daAuts
